 Dungeon Crawl Stone Soup version 0.31.0-4-g52a2dc7128 (webtiles) character file.

Game seed: 4779215962540452025

361 hikkokomori the Sneak (level 6, -7/37 HPs)
             Began as a Gargoyle Alchemist on Jan 23, 2024.
             Mangled by Duvessa
             ... wielding a +0 rapier
              (8 damage)
             ... on level 4 of the Dungeon.
             The game lasted 00:06:53 (4037 turns).

hikkokomori the Sneak (Gargoyle Alchemist)          Turns: 4037, Time: 00:06:53

Health: -7/37      AC:  8    Str: 11    XL:     6   Next: 66%
Magic:  4/11       EV: 11    Int: 18    God:
Gold:   182        SH:  0    Dex: 10    Spells: 6/12 levels left

rFire   . . .        n - +2 spear (freeze)
rCold   . . .        (no shield)
rNeg    + + .        a - +0 robe
rPois   ∞            d - +0 helmet
rElec   +            m - +0 cloak
rCorr   .            (no gloves)
SInv    .            (no boots)
Will    .....        (no amulet)
Stlth   ++           q - ring of positive energy
HPRegen 0.26/turn    (no ring)
MPRegen 0.12/turn

%: no passive effects
@: no status effects
A: sickness immunity, AC +4, negative energy resistance 1, electricity
resistance, torment resistance 1, petrification resistance
a: no special abilities


You were on level 4 of the Dungeon.
You visited 1 branch of the dungeon, and saw 4 of its levels.

You collected 182 gold pieces.

Inventory:

Hand Weapons
 j - a +0 dagger
 n - a +2 spear of freezing (weapon)
Missiles
 i - 5 boomerangs
Armour
 a - a +0 robe (worn)
 d - a +0 helmet (worn)
 m - a +0 cloak (worn)
Jewellery
 c - an amulet of faith
 q - a ring of positive energy (left hand)
Scrolls
 e - a scroll of amnesia
 k - a scroll of enchant weapon
 o - a scroll of immolation {unknown}
 p - a scroll of brand weapon {unknown}
 r - a scroll of identify
 t - a scroll of revelation {unknown}
Potions
 b - a potion of magic
 f - a potion of invisibility {unknown}
 g - a potion of attraction {unknown}
 h - a potion of heal wounds {unknown}
 l - a potion of mutation {unknown}
 s - a potion of might {unknown}
 u - a potion of degeneration {unknown}


   Skills:
 + Level 3.3 Fighting
 - Level 1.5 Dodging
 + Level 4.4 Stealth
 + Level 3.5 Spellcasting
 - Level 1.1 Conjurations
 + Level 3.6 Alchemy


You had 6 spell levels left.
You knew the following spells:

 Your Spells              Type           Power      Damage    Failure   Level
a - Sting                 Conj/Alch      44%        1d5       6%          1
b - Mercury Vapours       Alch/Air       18%        N/A       11%         2
c - Mephitic Cloud        Conj/Alch/Air  8%         N/A       24%         3

Your spell library contained the following spells:

 Spells                   Type           Power      Damage    Failure   Level
 Call Imp                 Summ           6%         N/A       24%         2
 Jinxbite                 Hex            6%         N/A       24%         2
 Olgreb's Toxic Radiance  Alch           16%        N/A       34%         4
 Fugue of the Fallen      Necr           3%         N/A       43%         3
 Gell's Gravitas          Tloc           3%         N/A       43%         3
 Ozocubu's Armour         Ice            3%         N/A       43%         3
 Teleport Other           Tloc           3%         N/A       43%         3
 Sticky Flame             Fire/Alch      9%         2d5       58%         4
 Manifold Assault         Tloc           3%         N/A       83%         4
 Yara's Violent Unravell  Hex/Alch       4%         3d4       90%         5
 Dispersal                Tloc           1%         N/A       100%        6
 Enfeeble                 Hex            1%         N/A       100%        7
 Summon Hydra             Summ           1%         N/A       100%        7
 Sublimation of Blood     Necr           Unusable   N/A       N/A         2

Dungeon Overview and Level Annotations

Branches:
Dungeon (4/15)
 Temple: D:4-7

Altars:
The Shining One

Shops:
D:1 [

Annotations:
D:4 Duvessa


Innate Abilities, Weirdness & Mutations

You are immune to sickness and miasma.
Your stone body is resilient. (AC +4)
You are immune to poison.
You resist negative energy. (rN+)
You are resistant to electric shocks. (rElec)
You are resistant to unholy torment.
You are immune to petrification.


Message History

Unknown command.
You hit the orc. You freeze the orc.
The orc is almost dead.
The orc barely misses you.
Unknown command.
You barely miss the orc.
The orc is almost dead.
The orc hits you but does no damage.
Unknown command.
You hit the orc. You freeze the orc.
You kill the orc!
Duvessa looks more healthy.
Unknown command.
You reach to attack!
You hit Duvessa but do no damage.
Duvessa is moderately wounded.
Casting: Mercury Vapours (safe; 11% risk of failure)
Confirm with . or Enter, or press ? or * to list all spells.
Aiming: Mercury Vapours (safe; 11% risk of failure)
Press: ? - help, Dir - move target, p - Duvessa Fumes of mercury billow through the air!
Duvessa closely misses you. Duvessa hits you with a +0 rapier!!
Unknown command.
Unknown command.
Unknown command.
You barely miss Duvessa. You punch Duvessa, but do no damage.
Duvessa is moderately wounded.
Duvessa completely misses you.
Unknown command.
As you read the scroll labelled BIULAD FOFOE, it crumbles to dust.
It is a scroll of enchant weapon.
Your +1 spear of freezing glows red for a moment.
Duvessa seems less confused.
Duvessa hits you with a +0 rapier.
* * * LOW HITPOINT WARNING * * *
As you read the scroll labelled DIRGHE KEONU, it crumbles to dust.
It is a scroll of identify.
e - a scroll of amnesia Duvessa hits you with a +0 rapier!
* * * LOW HITPOINT WARNING * * *
Duvessa hits you with a +0 rapier!
You die...

..########.....##
##.#.............#
.#.#...#######.#.#
.#.#...#.....#...#
.#.#.#.#.....#...#
.#.#.#.#.._..#.#.#
.#.#.#.#.....#.#.#
...#.#.#.....#...# ..
.....#.###'###.#@# ...
######.........#e#######...
..........#####...o........
######....'...'..)$........
##...#####............
........ #.........###
#####.#.# #.........'..
#.#.. #.........### #.####
#.........#


You could see Duvessa (berserk).

Vanquished Creatures
  A bullfrog (D:4)
  Dowan (D:4)
  A howler monkey (D:4)
  An orc wizard (D:4)
  6 gnolls
  5 adders
  A white imp (D:3)
  3 dart slugs (D:3)
  2 ribbon worms
  5 orcs
  4 bats
  4 endoplasms
  2 giant cockroaches
  8 goblins
  4 hobgoblins
  2 jackals (D:1)
  3 quokkas
  2 ball pythons
  3 frilled lizards
  7 kobolds
  4 rats
69 creatures vanquished.

Notes
Turn   | Place    | Note
-------+----------+-------------------------------------------
     0 | D:1      | hikkokomori the Gargoyle Alchemist began the quest for the
                  | Orb.
     0 | D:1      | Reached XP level 1. HP: 10/10 MP: 3/3
   236 | D:1      | Reached XP level 2. HP: 3/16 MP: 0/5
   779 | D:1      | Reached skill level 1 in Fighting
   959 | D:1      | Found Hameth's Antique Armour Boutique.
  1616 | D:2      | Reached XP level 3. HP: 18/20 MP: 1/6
  2058 | D:2      | Reached skill level 3 in Stealth
  2632 | D:2      | Reached XP level 4. HP: 21/26 MP: 0/7
  3069 | D:3      | Reached XP level 5. HP: 23/30 MP: 5/9
  3363 | D:3      | Learned a level 2 spell: Mercury Vapours
  3368 | D:3      | Learned a level 3 spell: Mephitic Cloud
  3742 | D:3      | Identified the granite talisman of the Morning Star {Fly
                  | rC+++ Str-3 Dex-3}
  3953 | D:4      | Found a glowing golden altar of the Shining One.
  4000 | D:4      | Noticed Dowan
  4001 | D:4      | Noticed Duvessa
  4022 | D:4      | Killed Dowan
  4023 | D:4      | Reached skill level 4 in Stealth
  4023 | D:4      | Reached XP level 6. HP: 37/37 MP: 4/11
  4037 | D:4      | HP: 1/37 [Duvessa/+0 rapier (9)]
  4037 | D:4      | Mangled by Duvessa

Illustrated notes

Levels and vault maps discovered:
D:1:      sevenhm_arrival_forest_fort_large_3, layout_basic, serial_shops,
          nicolae_shop_behind_doors, minmay_misc_feat_cross
D:2:      layout_basic
D:3:      layout_rooms, minmay_misc_feat_rugged
D:4:      layout_basic, amcnicky_altar_gilded, uniq_duvessa

Skill      XL: |  1  2  3  4  5 |
---------------+----------------+-----
Fighting       | 1 2 3 |  3.3
Stealth        | 3 4 |  4.4
Alchemy        | 3 |  3.6
Spellcasting   | 3 |  3.5
Dodging        | |  1.5
Conjurations   | |  1.1

Action                     |  1- 3 |  4- 6 || total
---------------------------+-------+-------++-------
  Melee: Unarmed           |    21 |       ||    21
         Dagger            |     8 |       ||     8
         Spear             |     5 |    83 ||    88
         Punch             |     1 |     1 ||     2
   Cast: Sting             |    68 |    55 ||   123
         Mephitic Cloud    |       |     2 ||     2
         Mercury Vapours   |       |     2 ||     2
    Use: Scroll            |     2 |     2 ||     4
   Stab: Confused          |       |     2 ||     2
 Armour: Robe              |    48 |    67 ||   115
  Dodge: Dodged            |    42 |    57 ||    99
